 Dungeon Crawl Stone Soup version 0.27.1-3-gb3d3a73c9e (webtiles) character file.

Game seed: 11487251976921507703

4210 pkoi the Grappler (level 10, -3/89 HPs)
             Began as a Troll Fighter on Oct 15, 2021.
             Was an Initiate of Ashenzari.
             Slain by Maurice (5 damage)
             ... on level 8 of the Dungeon.
             The game lasted 00:10:21 (6616 turns).

pkoi the Grappler (Troll Fighter)                   Turns: 6616, Time: 00:10:21

Health: -3/89      AC:  4    Str: 28    XL:     10   Next: 8%
Magic:  9/9        EV: 10    Int:  5    God:    Ashenzari [......]
Gold:   0          SH: 11    Dex:  9    Spells: 9/9 levels left

rFire    . . .     SeeInvis .     - Unarmed
rCold    . . .     Faith    .   b - +0 kite shield
rNeg     . . .     Spirit   .   a - +0 robe of the Cosmic Absolutism {Range, Fort} (curse)
rPois    .         Reflect  .   (helmet restricted)
rElec    .         Harm     .   (no cloak)
rCorr    .         Rampage  .   (gloves unavailable)
Will     .....                  (boots unavailable)
Stlth    +.........             (no amulet)
HPRegen  1.24/turn              s - ring of flight
MPRegen  0.11/turn              u - +4 ring of protection

@: corroded, flying
A: large, unfitting armour, claws 3, regeneration 1, shaggy fur 1, tough skin 1
a: Renounce Religion, Shatter the Chains


You were on level 8 of the Dungeon.
You worshipped Ashenzari.
Ashenzari was noncommittal.
You visited 2 branches of the dungeon, and saw 9 of its levels.

You collected 197 gold pieces.
You spent 197 gold pieces at shops.

Inventory:

Missiles
 d - 7 javelins
 e - 39 poisoned darts (quivered)
Armour
 a - the cursed +0 robe of the Cosmic Absolutism (worn) {Range, Fort}

   It has a curse which improves the following skills: Ranged Combat: Slings,
   Bows, Crossbows and Throwing.
   Fortitude: Armour and Shields.
 b - a +0 kite shield (worn)
 f - a +1 hat
Jewellery
 h - a ring of ice
 s - a ring of flight (left claw)
 u - a +4 ring of protection (right claw)
Wands
 i - a wand of iceblast (12)
 l - a wand of paralysis (17)
 r - a wand of digging (3)
Scrolls
 j - 2 scrolls of teleportation
 k - a scroll of magic mapping
 m - a scroll of summoning
 o - 5 scrolls of blinking
 q - a scroll of enchant armour
 w - a scroll of amnesia
Potions
 c - a potion of might
 n - 3 potions of flight
 p - a potion of resistance
 t - a potion of heal wounds
 v - a potion of cancellation


   Skills:
 + Level 2.8 Fighting
 + Level 2.8 Dodging
 + Level 8.1(8.7) Shields
 + Level 11.2 Unarmed Combat


You had 9 spell levels left.
You didn't know any spells.
Your spell library contained the following spells:

 Spells                   Type           Power      Damage    Failure   Level
 Sublimation of Blood     Necr           0%         N/A       63%         2
 Wereblood                Tmut           0%         N/A       63%         2
 Call Canine Familiar     Summ           0%         N/A       86%         3
 Portal Projectile        Hex/Tloc       0%         N/A       86%         3
 Leda's Liquefaction      Hex/Erth       0%         N/A       99%         4
 Summon Hydra             Summ           0%         N/A       100%        7


Dungeon Overview and Level Annotations

Branches:
Dungeon (8/15)             Temple (1/1) D:5            Lair (0/6) D:8

Altars:
Ashenzari
Cheibriados
Dithmenos
Elyvilon
Fedhas
Gozag
Kikubaaqudgha
Makhleb
Nemelex Xobeh
Okawaru
Qazlal
Ru
Uskayaw
Vehumet
Yredelemnul
Zin
The Shining One

Shops:
D:3 ((   D:5 =(?   D:6 :

Annotations:
D:6 2 runed translucent doors
D:8 Maurice


Innate Abilities, Weirdness & Mutations

You are too large for most types of armour.
You have claws for hands.
Your natural rate of healing is unusually fast.
You are covered in fur. (AC +1)
You have tough skin. (AC +1)


Message History

Maurice is severely wounded.
Maurice throws a poisoned dart.
The poisoned dart hits you!
You are poisoned.
Throw: 40 darts (poison)
Press: ? - help, Q - select action, (/) - cycle Shift-Dir - straight line, f/p - Maurice
Aim: Maurice, wielding a +0 dagger, wearing a +1 cloak of poison resistance, wearing a +6 ring of intelligence, quivering poisoned darts and carrying a wand of acid (7) (severely wounded, 41% to hit)
You throw a poisoned dart.
The poisoned dart closely misses Maurice.
You feel sick.
Maurice drinks a potion.
Maurice is healed!
You feel sick.
Maurice casts a spell.
Maurice puts on a burst of speed!
You feel sick.
Maurice mumbles some strange words.
Maurice flickers and vanishes!
Deactivating autopickup; reactivate with Ctrl-A.
You closely miss something.
You feel sick. Something hits you.
* * * LOW HITPOINT WARNING * * *
Something steals 1 of your 2 potions of might!
You closely miss something.
You feel sick.
You barely miss something. Something hits you but does no damage.
You miss something.
You feel sick.
You are no longer poisoned.
You block something's attack.
You scratch something but do no damage. You mangle something!!
You block something's attack.
You miss something. Something completely misses you.
You closely miss something. Something hits you.
* * * LOW HITPOINT WARNING * * *
Something steals 1 of your 2 potions of cancellation!
You miss something.
You hear a zap.
A bolt of acid appears from out of thin air!
The bolt of acid hits you!
* * * LOW HITPOINT WARNING * * *
The acid corrodes you!
You are splashed with acid!
* * * LOW HITPOINT WARNING * * *
Unknown command.
You closely miss something. Something hits you.
You die...

#† ###. #... #.P. #P...
.....P
#################.......
$....................P..
#####.@...............P
#{###########...P..
#(#...........P....
#####'#.#######..P...PP
#.......# #..P..P..
#.......########.....P.
#............#.....P...
#..[...#####.#.#.....PP
#...........<..........


There were no monsters in sight!

Vanquished Creatures
  A komodo dragon (D:8)
  2 water moccasins
  2 orc warriors
  A sky beast (D:7)
  3 ice beasts
  2 black bears (D:8)
  A hornet zombie (D:5)
  3 necrophages
  4 ogres (D:5)
  3 phantoms
  4 bullfrogs
  A gnoll sergeant (D:7)
  3 scorpions
  4 killer bees (D:5)
  3 wights (D:8)
  3 howler monkeys (D:7)
  A bullfrog zombie (D:4)
  A centaur zombie (D:8)
  3 hounds
  A jelly (D:5)
  A bullfrog skeleton (D:7)
  A gnoll shaman (D:4)
  7 orc priests
  2 centaur skeletons
  5 iguanas (D:6)
  7 orc wizards
  2 killer bee zombies (D:6)
  A hound zombie (D:5)
  2 hound skeletons (D:5)
  A howler monkey zombie (D:5)
  7 gnolls
  6 adders
  A shadow imp (D:7)
  2 white imps (D:8)
  2 worms
  11 dart slugs
  23 orcs
  3 bat zombies (D:5)
  10 endoplasms
  3 giant cockroaches
  11 goblins
  9 hobgoblins
  11 jackals
  6 kobolds
  4 quokkas
  7 ball pythons
  4 bats
  5 frilled lizards
  9 rats
  A rat zombie (D:5)
210 creatures vanquished.

Vanquished Creatures (others)
  22 fungi (D:8)
  42 plants (D:8)
64 creatures vanquished.

Grand Total: 274 creatures vanquished

Notes
Turn   | Place    | Note
-------+----------+-------------------------------------------
     0 | D:1      | pkoi the Troll Fighter began the quest for the Orb.
     0 | D:1      | Reached XP level 1. HP: 22/22 MP: 0/0
   253 | D:1      | Reached XP level 2. HP: 29/29 MP: 1/1
   352 | D:1      | Reached skill level 3 in Unarmed Combat
   421 | D:1      | Reached XP level 3. HP: 36/36 MP: 2/2
   883 | D:2      | Reached skill level 4 in Unarmed Combat
   932 | D:2      | Found a faded altar of an unknown god.
  1054 | D:2      | Reached XP level 4. HP: 44/44 MP: 3/3
  1512 | D:3      | Noticed an ice beast
  1640 | D:3      | Found Ithiym Eroo's Antique Weapon Emporium.
  1642 | D:3      | Reached skill level 5 in Unarmed Combat
  1665 | D:3      | Reached XP level 5. HP: 40/50 MP: 4/4
  1735 | D:3      | Reached skill level 6 in Unarmed Combat
  1738 | D:3      | Killed an ice beast
  1739 | D:3      | Reached XP level 6. HP: 59/59 MP: 5/5
  2084 | D:3      | Found Jitzeil's Weapon Shop.
  2183 | D:3      | Found Unimifep's Magic Scroll Emporium.
  2433 | D:4      | You fall into a shaft and drop 2 floors!
  2433 | D:6      | Found a large runed translucent door.
  2433 | D:6      | Found a large runed translucent door.
  2444 | D:6      | Reached skill level 7 in Unarmed Combat
  2462 | D:5      | Entered Level 5 of the Dungeon
  2462 | D:5      | Found Zanack's Jewellery Shoppe.
  2479 | D:5      | Reached XP level 7. HP: 41/66 MP: 6/6
  2564 | D:5      | Found a broken altar of Ashenzari.
  2728 | D:5      | Became a worshipper of Ashenzari the Shackled
  2975 | D:5      | Found an ancient bone altar of Kikubaaqudgha.
  3093 | D:5      | Reached skill level 8 in Unarmed Combat
  3124 | D:5      | Found a staircase to the Ecumenical Temple.
  3170 | D:5      | Reached XP level 8. HP: 74/74 MP: 7/7
  3210 | Temple   | Entered the Ecumenical Temple
  3352 | D:5      | Found Riroi's Antique Weapon Shop.
  3404 | D:5      | Reached skill level 5 in Shields
  3944 | D:5      | Found a shadowy altar of Dithmenos.
  4024 | D:5      | Found Malol's Magic Scroll Emporium.
  4032 | D:5      | Bought a scroll of teleportation for 33 gold pieces
  4032 | D:5      | Bought a scroll of blinking for 82 gold pieces
  4032 | D:5      | Bought a scroll of blinking for 82 gold pieces
  4045 | D:5      | Reached skill level 9 in Unarmed Combat
  4440 | D:6      | Found Otis's Self-Improvement Boutique.
  4593 | D:6      | Reached XP level 9. HP: 78/80 MP: 8/8
  4867 | D:6      | Reached skill level 10 in Unarmed Combat
  4925 | D:6      | Found a stormy altar of Qazlal.
  5484 | D:7      | Found a snail-covered altar of Cheibriados.
  6403 | D:8      | Reached skill level 11 in Unarmed Combat
  6481 | D:8      | Noticed a komodo dragon
  6482 | D:8      | Found a staircase to the Lair.
  6498 | D:8      | Killed a komodo dragon
  6499 | D:8      | Reached XP level 10. HP: 80/88 MP: 9/9
  6576 | D:8      | Noticed Maurice
  6615 | D:8      | HP: 1/89 [acid (13)]
  6616 | D:8      | Slain by Maurice

Illustrated notes

Levels and vault maps discovered:
D:1:      erik_arrival_cave_to_civilisation [erik_arrival_cave_to_temple],
          layout_basic, chequers_serial_rivers_large_a
D:2:      layout_loops_ring, ebering_ecumenical_altar_box
D:3:      kennysheep_slugbush, layout_loops_cross, serial_shops, shop,
          nicolae_square_shop, shop
D:4:      layout_rooms
D:5:      layout_loops_ring, evilmike_ruin_ashenzari,
          lemuel_zombie_altar_kikubaaqudgha, grunt_dithmenos_shadows,
          minmay_temple_entry_junction, serial_shops, shop, shop,
          nicolae_shop_crystal
D:6:      layout_basic, mainiacjoe_overflow_surrounded_room,
          jmf_multi_god_temple2, serial_glass, glass_columns_b, glass_columns_b,
          nicolae_shop_self_help
D:7:      layout_basic, mainiacjoe_overflow_chevrons
D:8:      layout_basic, mainiacjoe_overflow_alcove_4,
          due_lair_maze_entry_diamond, uniq_maurice
Temple:   nicolae_temple_hex_pool

Skill      XL: |  1  2  3  4  5  6  7  8  9 |
---------------+----------------------------+-----
Unarmed Combat | 3 4 5 6 7 8 9 11 | 11.2
Shields        | 3 4 6 8 |  8.1
Fighting       | |  2.8
Dodging        | |  2.8

Action                   |  1- 3 |  4- 6 |  7- 9 | 10-12 || total
-------------------------+-------+-------+-------+-------++-------
Melee: Unarmed           |   100 |   169 |   357 |    36 ||   662
Throw: Dart              |       |       |       |     3 ||     3
Invok: Curse Item        |       |       |     1 |       ||     1
  Use: Scroll            |       |     4 |       |       ||     4
 Stab: Sleeping          |     1 |     1 |       |       ||     2
Armor: Robe              |    42 |    40 |    68 |     4 ||   154
Dodge: Dodged            |    39 |    39 |   103 |     5 ||   186
Block: Kite shield       |    60 |    66 |   169 |     8 ||   303
